Map: Ruins of Endion

Players

Greg - Winner!

  • Race: Zerg Zerg
  • League: Bronze

Gracz

  • Race: Terran Terran
  • League: Bronze

VOD

Have the link to the VOD?

Description

Time

  • Played on: May 5, 2016, 2:23 p.m.
  • Length: 10:15
Show
View Real Time Build Order
Export as new Build Order

Greg Zerg - Winner!

Build Orders: Pool First 

Get SALT Encoding   

  12  0:04  Drone  
  13  0:38  Spawning Pool  
  12  0:45  Extractor  
  12  0:46  Drone  
  12  0:47  Drone x2  
  14  1:01  Overlord  
  14  1:25  Queen  
  14  1:29  Zergling x4  
  18  1:35  Drone  
  19  1:41  Drone  
  20  1:53  Zergling x2  
  21  2:13  Overlord  
  21  2:20  Evolution Chamber, Queen  
  22  2:25  Extractor  
  22  2:44  Zergling x10  
  22  2:45  Zergling x2  
  27  2:57  Metabolic Boost  
  27  2:59  Zerg Melee Weapons Level 1  
  27  3:08  Drone  
  27  3:09  Drone  
  29  3:50  Drone  
  29  3:51  Overlord  
  30  4:08  Hatchery  
  25  4:29  Lair  
  25  4:47  Drone x4  
  25  4:48  Drone x2  
  25  4:49  Zergling x2  
  25  4:50  Zergling x6  
  34  5:28  Overseer  
  34  5:34  Queen  
  36  5:35  Overlord  
  36  5:37  Drone  
  37  6:01  Roach Warren  
  36  6:09  Queen  
  38  6:12  Spire  
  34  6:48  Spine Crawler  
  34  6:49  Spine Crawler  
  34  6:52  Spine Crawler  
  31  6:54  Spine Crawler, Spore Crawler  
  29  7:02  Spore Crawler  
  29  7:04  Drone x4  
  29  7:05  Roach, Drone x2  
  29  7:06  Roach  
  35  8:14  Mutalisk x2  
  35  8:15  Mutalisk x2  
  35  8:16  Zergling x10  
  35  8:17  Zergling x6  
  49  8:26  Overlord x2  
  49  8:28  Drone x2  
  49  9:41  Overlord x2  
  49  9:43  Drone x6  
Show
View Real Time Build Order
Export as new Build Order

Gracz Terran 

Build Orders:  

Get SALT Encoding   

  12  0:05  SCV  
  13  0:23  Supply Depot, SCV  
  14  0:31  Refinery  
  14  0:35  SCV  
  15  0:56  Barracks  
  15  0:59  SCV  
  16  1:11  SCV  
  17  1:36  Barracks  
  17  1:38  SCV  
  18  1:44  Supply Depot  
  18  1:49  Barracks Tech Lab  
  18  1:50  SCV  
  19  1:57  Ghost Academy  
  19  2:02  Ghost Academy  
  19  2:09  Orbital Command  
  19  2:26  Barracks Tech Lab  
  19  2:35  Factory  
  19  2:40  SCV  
  19  2:43  Supply Depot  
  20  2:52  Refinery, SCV  
  21  3:04  SCV  
  22  3:19  Ghost  
  24  3:31  Ghost  
  26  3:49  Nuke  
  26  4:13  Command Center  
  26  4:32  Personal Cloaking  
  26  4:36  Nuke  
  26  4:42  Refinery  
  26  5:22  Refinery  
  26  5:26  Ghost x2  
  22  6:59  Nuke x2  
  22  7:04  Marine x2  
  24  7:22  Marine x2  
  21  7:29  Hellion  
  23  7:39  Marine  
  23  7:40  Marine  
  23  7:50  Hellion  
  23  7:57  Marine  
  23  7:58  Marine  
  7  8:15  Marine  
  7  8:16  Marine  
  8  8:22  SCV  
  9  8:34  SCV  
  10  8:46  SCV  
  8  8:53  Hellion  
  8  8:55  Barracks Reactor  
  8  8:58  Barracks Reactor, SCV  
  8  9:10  SCV  
  5  9:26  Hellion  
  2  9:45  Marine  
  2  9:46  Marine x3  
Tags
 
Add a new tag
Caveats
  • Supply blocks, unpowered buildings, or Contaminate may cause inaccurate times.
  • Supply counts are checked every 10 seconds.